 Dungeon Crawl Stone Soup version 0.22-a0-460-g49b1da7 (webtiles) character file.

164 protoss039 the Covered (level 5, -6/47 HPs)
             Began as a Minotaur Fighter on June 10, 2018.
             Mangled by Sigmund
             ... wielding a +0 scythe
              (7 damage)
             ... on level 3 of the Dungeon.
             The game lasted 00:02:41 (1874 turns).

protoss039 the Covered (Minotaur Fighter)           Turns: 1874, Time: 00:02:42

Health: -6/47      AC:  7    Str: 22    XL:     5   Next: 21%
Magic:  4/4        EV:  7    Int:  5    God:
Gold:   102        SH:  9    Dex:  9    Spells: 4/4 levels left

rFire    . . .     SeeInvis .   a - +0 war axe
rCold    . . .     Gourm    .   c - +0 shield
rNeg     . . .     Faith    .   b - +0 scale mail
rPois    .         Spirit   .   (helmet restricted)
rElec    .         Reflect  .   (no cloak)
rCorr    .         Harm     .   (no gloves)
MR       .....                  (no boots)
Stlth    ..........             (no amulet)
HPRegen  0.15/turn              (no ring)
MPRegen  0.09/turn              (no ring)

@: flying
A: retaliatory headbutt, horns 2
a: no special abilities


You were on level 3 of the Dungeon.
You were not hungry.

You visited 1 branch of the dungeon, and saw 3 of its levels.

You collected 102 gold pieces.

Inventory:

Hand Weapons
 a - a +0 war axe (weapon)
Armour
 b - a +0 scale mail (worn)
 c - a +0 shield (worn)
Scrolls
 e - 4 scrolls of remove curse {unknown}
 i - 3 scrolls of identify {unknown}
 j - 2 scrolls of teleportation {unknown}
 n - a scroll of blinking {unknown}
 o - a scroll of random uselessness {unknown}
 p - a scroll of amnesia {unknown}
 q - a scroll of enchant weapon {unknown}
 r - a scroll of enchant armour {unknown}
Potions
 d - a potion of might
 g - a potion of flight
 h - a potion of heal wounds {unknown}
 k - a potion of curing {unknown}
 l - a potion of degeneration {unknown}
 m - a potion of haste {unknown}
Comestibles
 f - 7 rations
 s - 2 chunks of flesh


   Skills:
 + Level 4.7 Fighting
 + Level 3.9 Axes
 + Level 4.8 Armour
 + Level 4.7 Shields


You had 4 spell levels left.
You didn't know any spells.
Your spell library was empty.

Dungeon Overview and Level Annotations

Branches:
Dungeon (3/15)

Altars:

Annotations:
D:3 Sigmund


Innate Abilities, Weirdness & Mutations

You reflexively headbutt those who attack you in melee.
You have a pair of horns on your head.


Message History

Unknown command.
You hit the ooze but do no damage. The ooze hits you but does no damage.
Something hits you!
You slash the ooze!
You kill the ooze!
You barely miss the kobold. Your headbutt misses the kobold.
Something hits you!
* * * LOW HITPOINT WARNING * * *
The kobold barely misses you. You furiously retaliate!
You headbutt the kobold. You closely miss the kobold.
The kobold is severely wounded.
The kobold hits you.
* * * LOW HITPOINT WARNING * * *
Something hits you.
* * * LOW HITPOINT WARNING * * *
The kobold barely misses you.
It was a potion of flight.
You feel very buoyant.
You fly up into the air.
Something hits you!
You die...

#..## ##.... .....
...##...#.# .....
#..#......# #.....
###.........#
......
...)#......###....
#..#........{..
#.........##K#
#........#@.#
#..##.##((.####
##......(.###.).
#......(.####.#
.....#.##(.......##
######..#..........
##.........##
#####†.##...##
#..........######


You could see a kobold.

Vanquished Creatures
  The ghost of OnekoMk1 the Magician, an amateur DEAE (D:3)
  2 gnolls (D:1)
  An adder (D:3)
  An ooze (D:3)
  A worm (D:2)
  A dart slug (D:2)
  2 leopard geckos
  6 bats
  8 goblins
  6 hobgoblins
  10 jackals
  4 frilled lizards
  5 kobolds (D:1)
  9 rats
57 creatures vanquished.

Notes
Turn   | Place    | Note
-------+----------+-------------------------------------------
     0 | D:1      | protoss039 the Minotaur Fighter began the quest for the Orb.
     0 | D:1      | Reached XP level 1. HP: 19/19 MP: 0/0
   145 | D:1      | Reached XP level 2. HP: 15/27 MP: 1/1
   584 | D:1      | Reached XP level 3. HP: 33/33 MP: 2/2
  1565 | D:2      | Reached XP level 4. HP: 35/41 MP: 3/3
  1803 | D:3      | Noticed OnekoMk1's ghost (amateur DEAE)
  1814 | D:3      | Killed OnekoMk1's ghost
  1814 | D:3      | Reached XP level 5. HP: 30/47 MP: 4/4
  1852 | D:3      | Noticed Sigmund
  1873 | D:3      | HP: 1/47 [something (5)]
  1874 | D:3      | Mangled by Sigmund

Vault maps used:
D:1:      mrwooster_arrival_statue_3
D:3:      grunt_gozag_statues, uniq_sigmund

Skill      XL: |  1  2 |
---------------+-------+-----
Armour         | 4 |  4.8
Fighting       | 4 |  4.7
Axes           | 3 |  3.9
Shields        | 4 |  4.7

Action                   |  1- 3 |  4- 6 || total
-------------------------+-------+-------++-------
Melee: War axe           |    87 |    54 ||   141
       Headbutt          |    12 |     4 ||    16
  Use: Potion            |       |     1 ||     1
  Eat: Chunk             |     2 |     1 ||     3
Armor: Scale mail        |    36 |    46 ||    82
Dodge: Dodged            |    24 |    24 ||    48
Block: Shield            |    46 |    39 ||    85

Table legend:
 A = Spawn XP
 B = Non-spawn XP
 C = Spawn XP percentage of total XP
 D = Spawn monster count
 E = Non-spawn monster count
 F = Spawn count percentage of total count
 G = Total turns spent on level
                    A         B        C        D         E        F      G
               +---------+---------+-------+---------+---------+-------+---------
         Total |       0 |     235 |   0.0 |       0 |      57 |   0.0 |  1874
               +---------+---------+-------+---------+---------+-------+---------
           D:1 |       0 |      76 |   0.0 |       0 |      31 |   0.0 |  1155
           D:2 |       0 |      25 |   0.0 |       0 |      12 |   0.0 |   578
           D:3 |       0 |     134 |   0.0 |       0 |      14 |   0.0 |   141
               +---------+---------+-------+---------+---------+-------+---------
